 Dungeon Crawl Stone Soup version 0.31.0-12-g77e489cdc1 (webtiles) character file.

Game seed: 4098569768349230919

1716 Curundu the Cleaver (level 8, 0/73 HPs)
             Began as a Minotaur Berserker on Mar 7, 2024.
             Was a Priest of Trog.
             Slain by Edmund
             ... wielding a +1 flail of distortion
              (15 damage)
             ... on level 6 of the Dungeon.
             The game lasted 00:12:12 (4684 turns).

Curundu the Cleaver (Minotaur Berserker)            Turns: 4684, Time: 00:12:12

Health: 0/73       AC: 15    Str: 25    XL:     8   Next: 74%
Magic:  7/7        EV:  8    Int:  4    God:    Trog [***...]
Gold:   322        SH:  0    Dex:  9    Spells: 7/7 levels left

rFire   . . .        a - +0 hand axe
rCold   + . .        (no shield)
rNeg    . . .        b - +0 plate armour
rPois   .            n - +2 hat
rElec   .            g - +0 cloak
rCorr   .            (no gloves)
SInv    .            (no boots)
Will    .....        (no amulet) Stlth
                     h - ring of protection from cold
HPRegen 0.32/turn    (no ring)
MPRegen 0.10/turn

%: no passive effects
@: no status effects
A: horns 2, retaliatory headbutt
a: Renounce Religion, Berserk, Trog's Hand


You were on level 6 of the Dungeon.
You worshipped Trog.
Trog was most pleased with you.
You visited 1 branch of the dungeon, and saw 6 of its levels.

You collected 322 gold pieces.

Inventory:

Hand Weapons
 a - a +0 hand axe (weapon)
Missiles
 q - 10 boomerangs (quivered)
Armour
 b - a +0 plate armour (worn)
 g - a +0 cloak (worn)
 n - a +2 hat (worn)
Jewellery
 h - a ring of protection from cold (left hand)
 l - an amulet of faith
 s - a ring of resist corrosion
Wands
 o - a wand of flame (27)
Scrolls
 e - a scroll of amnesia {unknown}
 f - a scroll of vulnerability {unknown}
 j - 5 scrolls of identify {unknown}
 p - a scroll of noise {unknown}
 u - a scroll of blinking {unknown}
Potions
 c - a potion of degeneration {unknown}
 d - 2 potions of attraction {unknown}
 i - a potion of mutation {unknown}
 k - a potion of might {unknown}
 m - a potion of heal wounds {unknown}
 r - a potion of magic {unknown}
 t - a potion of curing {unknown}


   Skills:
 + Level 7.3 Fighting
 + Level 9.3 Axes
 * Level 5.5 Armour
 + Level 4.7 Dodging
 - Level 1.0 Stealth
 * Level 3.7 Shields


You had 7 spell levels left.
You didn't know any spells.
Your spell library was empty.

Dungeon Overview and Level Annotations

Branches:
Dungeon (6/15)
 Temple: D:4-7

Altars:
Vehumet
Xom

Annotations:
D:6 Edmund


Innate Abilities, Weirdness & Mutations

You have a pair of horns on your head.
You reflexively headbutt those who attack you in melee.


Message History

You hit Edmund.
Edmund is moderately wounded.
Edmund zaps a wand.
You resist with almost no effort.
You barely miss Edmund.
Edmund is moderately wounded.
You feel the effects of Trog's Hand fading.
You slash Edmund!
Edmund is heavily wounded.
Edmund zaps a wand.
You resist with almost no effort.
You hit Edmund.
Edmund is severely wounded.
Edmund hits you but does no damage. Space warps horribly around you!
You hit Edmund but do no damage. Your headbutt misses Edmund.
Edmund is severely wounded.
Edmund says, "People think my brother is the best.
I think he's crazy."
Edmund hits you with a +1 flail of distortion.
You hit Edmund. Your headbutt misses Edmund.
Edmund is severely wounded.
Edmund hits you with a +1 flail of distortion.
You closely miss Edmund.
Edmund is severely wounded.
Edmund hits you with a +1 flail of distortion!
Space warps around you!
You closely miss Edmund.
Edmund is severely wounded.
You slash Edmund!
Edmund is almost dead.
Edmund hits you with a +1 flail of distortion.
Space warps around you.
You hit Edmund but do no damage. You headbutt Edmund.
Edmund is almost dead.
Your skin stops crawling.
You feel less strong-willed.
Edmund hits you with a +1 flail of distortion.
Space warps horribly around you!!
* * * LOW HITPOINT WARNING * * *
You hit Edmund but do no damage.
Edmund is almost dead.
Edmund hits you but does no damage. Space warps horribly around you!
You die...
Edmund whines, "They better pay attention to me now!"

#.# .# #.# .# .# #.# .#
# ..# #####.##.# ##. ..#
.........# ##..♣♣♣♣'♣♣♣♣
.........###...'.@o....+
...............♣@≈...≈.♣
.......†.......♣)≈._.≈.♣
#..####...#####♣.≈...≈.♣
#...###.######.'.......+
..#.>..........♣♣♣♣'♣♣♣♣
....############ ..#
..... ... ....#. ####
#...#..


You could see Edmund and an orc.

Vanquished Creatures
  Sigmund (D:2)
  Menkaure (D:4)
  A black bear (D:5)
  4 ogres
  A kobold brigand (D:6)
  2 phantoms
  A bullfrog (D:6)
  2 scorpions (D:5)
  2 bombardier beetles
  4 jellies
  2 hounds
  2 orc priests (D:5)
  A sleepcap (D:5)
  3 iguanas
  Robin (D:3)
  3 gnolls (D:6)
  6 adders
  2 ufetubi (D:5)
  4 dart slugs
  A ribbon worm (D:4)
  8 orcs
  7 bats
  3 endoplasms
  5 giant cockroaches
  18 goblins
  7 hobgoblins
  A quokka (D:1)
  5 ball pythons
  3 frilled lizards
  9 kobolds
  A rat (D:1)
111 creatures vanquished.

Notes
Turn   | Place    | Note
-------+----------+-------------------------------------------
     0 | D:1      | Curundu the Minotaur Berserker began the quest for the Orb.
     0 | D:1      | Reached XP level 1. HP: 19/19 MP: 0/0
    81 | D:1      | Found a faded altar of an unknown god.
   125 | D:1      | Reached XP level 2. HP: 19/27 MP: 1/1
   202 | D:1      | Reached skill level 4 in Axes
   628 | D:2      | Reached ** piety under Trog
   667 | D:2      | Reached XP level 3. HP: 33/34 MP: 2/2
   787 | D:2      | Noticed Sigmund
   794 | D:2      | Killed Sigmund
   795 | D:2      | Reached skill level 5 in Fighting
   795 | D:2      | Reached skill level 5 in Axes
   795 | D:2      | Reached XP level 4. HP: 42/42 MP: 3/3
   795 | D:2      | Reached XP level 5. HP: 48/48 MP: 4/4
  1253 | D:3      | Found a shimmering altar of Xom.
  1305 | D:3      | Noticed Robin
  1318 | D:3      | Killed Robin
  1527 | D:3      | Reached XP level 6. HP: 53/57 MP: 5/5
  1653 | D:3      | Reached *** piety under Trog
  1738 | D:3      | Reached skill level 6 in Axes
  2603 | D:4      | Noticed Menkaure
  2610 | D:4      | Killed Menkaure
  2798 | D:5      | Entered Level 5 of the Dungeon
  2812 | D:5      | Reached skill level 7 in Axes
  2812 | D:5      | Reached skill level 1 in Stealth
  2812 | D:5      | Reached XP level 7. HP: 64/64 MP: 6/6
  3190 | D:5      | Reached skill level 1 in Shields
  3315 | D:5      | Reached skill level 8 in Axes
  3506 | D:5      | Reached XP level 8. HP: 56/71 MP: 7/7
  4288 | D:6      | Reached skill level 9 in Axes
  4339 | D:6      | Reached skill level 5 in Armour
  4655 | D:6      | Found a radiant altar of Vehumet.
  4668 | D:6      | Noticed Edmund
  4684 | D:6      | Slain by Edmund

Illustrated notes

Levels and vault maps discovered:
D:1:      scummos_arrival_simple_crosswalls, layout_rooms,
          chequers_ecumenical_altar_island
D:2:      layout_basic, hex_large, uniq_sigmund
D:3:      layout_loops_cross, marbit_many_paths, uniq_robin
D:4:      layout_loops_ring, uniq_menkaure
D:5:      layout_loops_corners
D:6:      dreamdust_elfheim, layout_basic, mainiacjoe_overflow_six_doors_small,
          minmay_temple_entry_butterflies,
          hangedman_abyss_or_decor_jellyfish_corner, minmay_bent, uniq_edmund

Skill      XL: |  1  2  3  4  5  6  7  8 |
---------------+-------------------------+-----
Fighting       | 4 5 6 7 |  7.3
Axes           | 4 5 7 8 9 |  9.3
Dodging        | 3 4 |  4.7
Stealth        | 1 |  1.0
Armour         | 3 5 |  5.5
Shields        | 2 3 |  3.7

Action                     |  1- 3 |  4- 6 |  7- 9 || total
---------------------------+-------+-------+-------++-------
  Melee: Hand axe          |    42 |   121 |   146 ||   309
         Headbutt          |     4 |    17 |    34 ||    55
         Punch             |     1 |       |     1 ||     2
 Invoke: Trog's Hand       |     1 |     1 |     3 ||     5
         Berserk           |       |     1 |     1 ||     2
 Armour: Animal skin       |    22 |    63 |     7 ||    92
         Plate armour      |       |       |    76 ||    76
         Chain mail        |       |       |    10 ||    10
         Skin              |       |       |     1 ||     1
  Dodge: Dodged            |    33 |    63 |    53 ||   149
